 Dungeon Crawl Stone Soup version 0.30-a0-996-ga6910c8ee8 (webtiles) character file.

Game seed: 6688567617795999000

28 vishdafish the Conjurer (level 3, 18/24 HPs)
             Began as a Demonspawn Conjurer on Apr 4, 2023.
             Quit the game on level 1 of the Dungeon.
             The game lasted 00:00:57 (526 turns).

vishdafish the Conjurer (Demonspawn Conjurer)        Turns: 526, Time: 00:00:58

Health: 18/24      AC:  2    Str:  7    XL:     3   Next: 0%
Magic:  4/7        EV: 12    Int: 21    God:
Gold:   63         SH:  0    Dex: 11    Spells: 6/7 levels left

rFire   . . .      SeeInvis .    (no weapon)
rCold   . . .      Faith    .    (no shield)
rNeg    . . .      Spirit   .    a - +0 robe
rPois   .          Reflect  .    (no helmet)
rElec   .          Rampage  .    (no cloak)
rCorr   .                        (no gloves)
Will    .....                    (no boots)
Stlth   ++                       (no amulet)
HPRegen 0.24/turn                (no ring)
MPRegen 0.10/turn                (no ring)

@: no status effects
A: foul stench 1, demonic touch 1
a: no special abilities


You were on level 1 of the Dungeon.
You visited 1 branch of the dungeon, and saw 1 of its levels.

You collected 63 gold pieces.

Inventory:

Armour
 a - a +0 robe (worn)
Scrolls
 d - 2 scrolls of poison {unknown}
Potions
 b - a potion of curing {unknown}
 c - a potion of heal wounds {unknown}
 e - 2 potions of brilliance {unknown}
 f - a potion of attraction {unknown}


   Skills:
 - Level 1.7 Dodging
 - Level 1.7 Stealth
 + Level 2.7 Spellcasting
 + Level 4.5 Conjurations


You had 6 spell levels left.
You knew the following spells:

 Your Spells              Type           Power      Damage    Failure   Level
a - Magic Dart            Conj           84%        1d7       2%          1

Your spell library contained the following spells:

 Spells                   Type           Power      Damage    Failure   Level
 Searing Ray              Conj           42%        2d6       3%          2
 Dazzling Flash           Conj/Hex       24%        N/A       16%         3
 Inner Flame              Hex/Fire       2%         N/A       38%         3
 Fulminant Prism          Conj/Hex       6%         3d7       47%         4
 Iskenderun's Mystic Bla  Conj/Tloc      12%        2d5       47%         4
 Cause Fear               Hex            1%         N/A       80%         4
 Discord                  Hex            1%         N/A       100%        8


Dungeon Overview and Level Annotations

Branches:
Dungeon (1/15)

Altars:


Innate Abilities, Weirdness & Mutations

You may rarely emit foul miasma when damaged in melee.
Your touch may inflict minor irresistible damage on your foes.


Message History

No target in view!
No target in view!
No target in view!
No target in view!
No target in view!
No target in view!
No target in view!
No target in view!
No target in view!
No target in view!
No target in view!
No target in view!
No target in view!
No target in view!
The bat barely misses you. The bat hits you but does no damage.
A bat is nearby!
A bat is nearby!
You closely miss the bat.
The bat is severely wounded.
The bat barely misses you.
A frilled lizard comes into view.
The frilled lizard hisses angrily.
The bat hits you but does no damage. x2
You hit the bat but do no damage.
The bat is severely wounded.
The bat hits you but does no damage.
You hit the bat but do no damage.
The bat is moderately wounded.
The bat barely misses you. The bat hits you but does no damage.
The bat barely misses you.
You hit the bat.
You kill the bat!
The frilled lizard barely misses you.
You have reached level 3!
Your experience leads to an increase in your attributes!
Increase (S)trength, (I)ntelligence, or (D)exterity?
You feel clever. x2; Your demonic ancestry asserts itself...
You begin to emit a foul stench of rot and decay.
Are you sure you want to abandon this character and quit the game? (Confirm with "yes".)

..#. #...)......# ....#
#..........# #
#..#####.[........#
#.##..##.............#
###)#....#)##..†.......#
..........)##..........#
...........##..........#
......†l.#.#######.#####
.......@.#.....# #......
...............# #######
.........#.....# #
.........#.....#
.........#.....#
##..######.....# #.#
####### ..


You could see a frilled lizard.

Vanquished Creatures
  2 endoplasms (D:1)
  2 giant cockroaches (D:1)
  3 goblins (D:1)
  6 hobgoblins (D:1)
  2 quokkas (D:1)
  A ball python (D:1)
  A bat (D:1)
  2 frilled lizards (D:1)
  3 kobolds (D:1)
  3 rats (D:1)
25 creatures vanquished.

Notes
Turn   | Place    | Note
-------+----------+-------------------------------------------
     0 | D:1      | vishdafish the Demonspawn Conjurer began the quest for the
                  | Orb.
     0 | D:1      | Reached XP level 1. HP: 13/13 MP: 3/3
   237 | D:1      | Gained mutation: Your touch may inflict minor irresistible
                  | damage on your foes. [demonic ancestry]
   237 | D:1      | Reached XP level 2. HP: 19/19 MP: 1/5
   526 | D:1      | Gained mutation: You may rarely emit foul miasma when
                  | damaged in melee. [demonic ancestry]
   526 | D:1      | Reached XP level 3. HP: 18/24 MP: 4/7
   526 | D:1      | Quit the game

Illustrated notes

Levels and vault maps discovered:
D:1:      dpeg_arrival_water_temple_mockup, layout_rooms, serial_shops, shop,
          st_stairs_5

Action                     || total
---------------------------++-------
  Melee: Unarmed           ||    69
         Touch             ||     7
   Cast: Magic Dart        ||    27
    Use: Potion            ||     1
 Armour: Robe              ||    22
  Dodge: Dodged            ||    45

Table legend: (Time is in decaauts)
 A = Elapsed time spent in this place.
 B = Non-inter-level travel time spent in this place.
 C = Inter-level travel time spent in this place.
 D = Time resting spent in this place.
 E = Time spent auto-exploring this place.
 F = Levels seen in this place.
 G = Mean time per level.
                   A        B        C        D        E       F      G
               +--------+--------+--------+--------+--------+-----+--------+
         Total |    526 |    526 |      0 |      0 |    372 |   1 |  526.0 |
       Dungeon |    526 |    526 |      0 |      0 |    372 |   1 |  526.0 |
               +--------+--------+--------+--------+--------+-----+--------+

Top non-repeatable levels by time:
     D:1: 526 daAuts
